 Dungeon Crawl Stone Soup version 0.18.1-50-g88ac8fd (webtiles) character file.

971 magog001 the Skirmisher (level 7, -1/64 HPs)
             Began as a Minotaur Fighter on Aug 10, 2017.
             Slain by Pikel
             ... wielding a +0 whip of freezing
              (5 damage)
             ... on level 6 of the Dungeon.
             The game lasted 00:23:29 (4715 turns).

magog001 the Skirmisher (Minotaur Fighter)          Turns: 4715, Time: 00:23:30

Health: -1/64      AC:  7    Str: 27    XL:     7   Next: 94%
Magic:  6/6        EV:  9    Int:  5    God:
Gold:   404        SH: 12    Dex: 10    Spells: 0 memorised, 6 levels left

rFire  . . .     SeeInvis .     a - +0 war axe
rCold  . . .     Gourm    .     u - +0 scale mail
rNeg   . . .     Faith    .     c - +1 shield
rPois  .         Spirit   .     (helmet restricted)
rElec  .         Dismiss  .     (no cloak)
rCorr  +         Reflect  .     (no gloves)
SustAt .         Harm     .     (no boots)
MR     .....                    (no amulet)
Stlth  ..........               t - ring of resist corrosion
                                g - ring of wizardry

@: mighty, not resistant to hostile enchantments, extremely unstealthy
A: retaliatory headbutt, horns 2
a: no special abilities


You were on level 6 of the Dungeon.
You were hungry.

You visited 1 branch of the dungeon, and saw 6 of its levels.

You collected 404 gold pieces.

Inventory:

Hand Weapons
 a - a +0 war axe (weapon)
 b - a +0 hunting sling
 i - a +0 morningstar of holy wrath
Missiles
 p - 27 sling bullets
 w - 102 stones (quivered)
Armour
 c - a +1 shield (worn)
 u - a +0 scale mail (worn)
Jewellery
 g - a ring of wizardry (left hand)
 r - an uncursed ring of wizardry
 t - a ring of resist corrosion (right hand)
Wands
 d - a wand of slowing (26/48)
 o - a wand of paralysis (14/24)
 y - a wand of lightning (8/15)
Scrolls
 e - a scroll of identify
 j - a scroll of remove curse
 z - a scroll of blinking
Potions
 l - a potion of heal wounds {unknown}
 s - a potion of curing {unknown}
 A - a potion of haste {unknown}
Comestibles
 f - 3 bread rations
 h - 2 beef jerkies
 k - 2 slices of pizza
 q - 3 fruits
 v - a royal jelly


   Skills:
 * Level 6.4 Fighting
 + Level 5.1 Axes
 * Level 1.3 Slings
 + Level 6.3 Armour
 - Level 3.3 Dodging
 - Level 0.3 Stealth
 + Level 5.9 Shields


You had 6 spell levels left.
You didn't know any spells.

Dungeon Overview and Level Annotations

Branches:
Dungeon (6/15)
 Temple: D:4-7

Altars:
Ashenzari
Fedhas
Qazlal
Sif Muna
Xom
Zin

Annotations:
D:6 Pikel


Innate Abilities, Weirdness & Mutations

You reflexively headbutt those who attack you in melee.
You have a pair of horns on your head.


Message History

You slash the slave!
The slave is almost dead.
You miss the hound.
The hound is moderately wounded.
The hound bites you but does no damage. Pikel hits you with a whip of freezing.
* * * LOW HITPOINT WARNING * * *
Pikel freezes you.
* * * LOW HITPOINT WARNING * * *
You block the slave's attack. The hound bites you but does no damage.
You barely miss Pikel.
Pikel is heavily wounded.
You miss the hound.
The hound is moderately wounded.
You closely miss the slave.
The slave is almost dead.
You block the hound's attack. The slave hits you.
* * * LOW HITPOINT WARNING * * *
Pikel says, "Slavery isn't that bad."
Pikel hits you with a whip of freezing.
You die...

###########
#.........###
#.........+.#
####.........#.#
##.##.........#.#
#..hp.........#.##
##@##.........#..##
#pKp..............
≈≈lZp....#.##......>
≈##..##.....>...#.#.
#......#.##.#.#...
........#.##.#.#.#.
..#.#....#.#.(....#.
..#.###..#.#..#?....
..........#.#.


You could see Pikel, 4 slaves, a hound, a giant gecko and a giant frog skeleton.

Vanquished Creatures
  3 ogres
  2 scorpions
  4 hounds
  2 orc priests
  An orc wizard (D:4)
  A giant frog skeleton (D:4)
  An iguana (D:4)
  Jessica (D:2)
  Natasha (thrice) (D:3)
  2 worker ants
  Terence (D:3)
  7 adders
  4 gnolls (D:4)
  3 dart slugs
  A giant gecko (D:4)
  8 orcs
  7 bats
  6 giant cockroaches
  10 goblins
  8 hobgoblins
  2 giant newts (D:3)
  8 kobolds
  A quokka zombie (D:5)
  8 rats
94 creatures vanquished.

Notes
Turn   | Place    | Note
--------------------------------------------------------------
     0 | D:1      | magog001 the Minotaur Fighter began the quest for the Orb.
     0 | D:1      | Reached XP level 1. HP: 19/19 MP: 0/0
   164 | D:1      | Reached XP level 2. HP: 27/27 MP: 1/1
   442 | D:1      | Found a shimmering altar of Xom.
   839 | D:2      | Noticed Jessica
   854 | D:2      | Reached XP level 3. HP: 29/33 MP: 2/2
   874 | D:2      | Killed Jessica
  1183 | D:2      | Found a blossoming altar of Fedhas.
  1190 | D:2      | Reached XP level 4. HP: 41/41 MP: 3/3
  1694 | D:3      | Found a stormy altar of Qazlal.
  1716 | D:3      | Found a shattered altar of Ashenzari.
  1731 | D:3      | Noticed Terence
  1740 | D:3      | Killed Terence
  1740 | D:3      | Reached skill level 1 in Dodging
  1803 | D:3      | Noticed Natasha
  1813 | D:3      | Killed Natasha
  1813 | D:3      | Reached XP level 5. HP: 29/47 MP: 4/4
  1959 | D:3      | Noticed Natasha
  1962 | D:3      | Killed Natasha
  1967 | D:3      | Noticed Natasha
  1987 | D:3      | Killed Natasha
  1990 | D:3      | Reached skill level 5 in Armour
  2672 | D:4      | Reached XP level 6. HP: 53/53 MP: 5/5
  2717 | D:4      | Reached skill level 5 in Fighting
  2717 | D:4      | Reached skill level 5 in Shields
  3320 | D:4      | Reached XP level 7. HP: 28/61 MP: 6/6
  3741 | D:4      | Found a glowing silver altar of Zin.
  4115 | D:5      | Entered Level 5 of the Dungeon
  4318 | D:5      | Found a deep blue altar of Sif Muna.
  4475 | D:5      | Reached skill level 5 in Axes
  4475 | D:5      | Reached skill level 1 in Slings
  4697 | D:6      | Noticed Pikel
  4715 | D:6      | Slain by Pikel

Skill      XL: |  1  2  3  4  5  6  7 |
---------------+----------------------+-----
Shields        | 4 5 |  5.9
Fighting       | 4 5 6 |  6.4
Armour         | 4 5 6 |  6.3
Axes           | 3 4 5 |  5.1
Dodging        | 1 2 3 |  3.3
Slings         | 1 |  1.3
Stealth        | |  0.3

Action                   |  1- 3 |  4- 6 |  7- 9 || total
-------------------------+-------+-------+-------++-------
Melee: War axe           |    67 |   160 |    54 ||   281
       Headbutt          |     5 |    25 |    13 ||    43
       Morningstar       |       |     3 |       ||     3
 Fire: Hunting sling     |       |       |     5 ||     5
  Use: Potion            |     1 |     3 |     1 ||     5
       Scroll            |       |     6 |     2 ||     8
  Eat: Chunk             |     1 |     6 |       ||     7
       Meat ration       |       |     1 |       ||     1
Armor: Scale mail        |    36 |    87 |    20 ||   143
Dodge: Dodged            |    17 |    57 |    20 ||    94
Block: Shield            |    22 |    80 |    61 ||   163
